 Dungeon Crawl Stone Soup version 0.29-a0-551-gffc1d7fb78 (webtiles) character file.

Game seed: 9558214812221958279

1929 flotson the Sneak (level 8, -3/62 HPs)
             Began as a Demonspawn Delver on June 5, 2022.
             Splashed by a jelly's acid (9 damage)
             ... on level 6 of the Dungeon.
             The game lasted 00:14:48 (7599 turns).

flotson the Sneak (Demonspawn Delver)               Turns: 7599, Time: 00:14:51

Health: -3/62      AC:  1    Str: 14    XL:     8   Next: 96%
Magic:  8/8        EV: 12    Int: 12    God:
Gold:   80         SH:  0    Dex: 15    Spells: 7/7 levels left

rFire   . . .      SeeInvis .   a - +2 whip (elec)
rCold   . . .      Faith    .   (no shield)
rNeg    . . .      Spirit   .   d - +0 ring mail
rPois   .          Reflect  .   (helmet restricted)
rElec   .          Harm     .   (no cloak)
rCorr   .          Rampage  .   t - +0 pair of gloves
Will    .....                   y - +0 pair of boots
Stlth   +++.......              (no amulet)
HPRegen 0.20/turn               (no ring)
MPRegen 0.11/turn               (no ring)

@: corroded, sanguine armoured
A: antennae 1, ignite blood 1, sanguine armour 2
a: no special abilities


You were on level 6 of the Dungeon.
You visited 2 branches of the dungeon, and saw 7 of its levels.

You collected 334 gold pieces.
You spent 254 gold pieces at shops.

Inventory:

Hand Weapons
 a - a +2 whip of electrocution (weapon)
Missiles
 l - 7 boomerangs
 n - 2 throwing nets
 s - 4 curare-tipped darts (quivered)
Armour
 d - a +0 ring mail (worn)
 t - a +0 pair of gloves (worn)
 y - a +0 pair of boots (worn)
Wands
 g - a wand of digging (2)
 j - a wand of flame (11)
 B - a wand of acid (6)
 C - a wand of iceblast (15)
Scrolls
 c - 2 scrolls of fog
 e - a scroll of fear
 h - a scroll of summoning
 i - 2 scrolls of teleportation {unknown}
 m - a scroll of enchant armour {unknown}
 o - a scroll of poison {unknown}
 v - 3 scrolls of amnesia {unknown}
 w - 4 scrolls of identify {unknown}
 x - 2 scrolls of noise {unknown}
 A - a scroll of brand weapon {unknown}
Potions
 b - a potion of brilliance {unknown}
 f - 3 potions of haste
 k - a potion of invisibility
 p - a potion of attraction {unknown}
 q - 2 potions of curing {unknown}
 r - 2 potions of lignification
 u - a potion of might
 z - a potion of mutation {unknown}


   Skills:
 + Level 5.2 Fighting
 - Level 1.5(2.9) Axes
 + Level 2.6(2.9) Maces & Flails
 - Level 2.5(2.7) Polearms
 + Level 3.6 Throwing
 + Level 3.7 Armour
 + Level 4.3 Dodging
 + Level 6.2 Stealth
 + Level 4.3 Evocations


You had 7 spell levels left.
You didn't know any spells.
Your spell library contained the following spells:

 Spells                   Type           Power      Damage    Failure   Level
 Magic Dart               Conj           0%         1d3       54%         1
 Summon Small Mammal      Summ           0%         N/A       54%         1
 Call Imp                 Summ           0%         N/A       67%         2
 Call Canine Familiar     Summ           0%         N/A       88%         3
 Gell's Gravitas          Tloc           0%         N/A       88%         3
 Lesser Beckoning         Tloc           0%         N/A       88%         3
 Mephitic Cloud           Conj/Pois/Air  0%         N/A       88%         3
 Summon Guardian Golem    Hex/Summ       0%         N/A       88%         3
 Teleport Other           Tloc           0%         N/A       88%         3


Dungeon Overview and Level Annotations

Branches:
Dungeon (6/15)             Temple (1/1) D:6

Altars:
Fedhas
Gozag
Hepliaklqana
Okawaru
Sif Muna
Trog
Uskayaw
Xom

Shops:
D:1 :   D:4 (


Innate Abilities, Weirdness & Mutations

You have a pair of small antennae on your head.
Your demonic aura sometimes causes spilled blood to erupt in flames.
When seriously injured, your blood forms thick armour. (AC +9)


Message History

The jelly is moderately wounded.
The jelly hits you but does no damage.
You hit the jelly. The acid corrodes you!
Your hands burn!
The jelly is heavily wounded.
The jelly misses you.
You barely miss the jelly.
The jelly is heavily wounded.
The jelly hits you. The acid corrodes you!
You are splashed with acid!
You hit the jelly but do no damage.
Your hands burn!
The jelly is heavily wounded.
The ogre hits you with a +0 giant spiked club!
Your blood congeals into armour.
The jelly barely misses you.
You hit the jelly but do no damage.
Your hands burn!
The jelly is heavily wounded.
The jelly hits you but does no damage.
You hit the jelly.
Your hands burn!
The jelly is severely wounded.
The ogre hits you but does no damage. The jelly hits you.
The acid corrodes you!
You are splashed with acid!
You are too injured to fight recklessly!
You are too injured to fight recklessly!
You are too injured to fight recklessly!
You are too injured to fight recklessly!
You are too injured to fight recklessly!
You are too injured to fight recklessly!
You are too injured to fight recklessly!
You are too injured to fight recklessly!
You are too injured to fight recklessly!
The ogre attacks as you move away! The ogre barely misses you.
The jelly attacks as you move away! The jelly misses you.
The jelly attacks as you move away! The jelly hits you but does no damage.
The jelly jiggles.
The jelly attacks as you move away! The jelly closely misses you.
The ogre attacks as you move away!
The ogre hits you with a +0 giant spiked club!
* * * LOW HITPOINT WARNING * * *
The jelly attacks as you move away! The jelly hits you.
* * * LOW HITPOINT WARNING * * *
The acid corrodes you!
You are splashed with acid!
You die...

#### #..### # #####....## #
###..#......# ##
{###......#....# #.
{###......###...## #.
{###.O@☼..#'##....## #.
###...J..###.##.....###.
###......###...###....##..
#......###...### #.....#..
#$.....###...###)#
##....... ##......
#..##...####.....[.
##......##....####....#....
##......##..##.###...##<..
##......##....#......#..#


You could see an ogre and a jelly.

Vanquished Creatures
  A steam dragon (D:6)
  A water moccasin (D:5)
  2 orc warriors
  An ice beast (D:6)
  A sky beast (D:5)
  2 black bears (D:5)
  A kobold brigand (D:4)
  A phantom (D:6)
  2 necrophages
  A bullfrog (D:5)
  3 scorpions
  A howler monkey (D:5)
  2 hounds
  A jelly (D:6)
  An orc priest (D:4)
  A gnoll shaman (D:5)
  5 orc wizards
  3 iguanas (D:5)
  The ghost of oldriver the Sneak, a weakling PaDe (D:5)
  5 adders
  10 gnolls
  A white imp (D:6)
  A worm (D:2)
  11 orcs
  7 ball pythons
  4 bats
  11 endoplasms
  3 giant cockroaches
  3 goblins
  3 hobgoblins
  4 jackals (D:3)
  4 quokkas
  3 frilled lizards
  5 kobolds
  4 rats
110 creatures vanquished.

Notes
Turn   | Place    | Note
-------+----------+-------------------------------------------
     0 | D:5      | flotson the Demonspawn Delver began the quest for the Orb.
     0 | D:5      | Reached XP level 1. HP: 18/18 MP: 1/1
    36 | D:5      | Found a bloodstained altar of Trog.
    36 | D:5      | Noticed a black bear
   106 | D:5      | Found a hazy altar of Hepliaklqana.
   157 | D:5      | Noticed a howler monkey
   215 | D:5      | Noticed a gnoll shaman
   227 | D:4      | Found Zicvymm's Weapon Shop.
   228 | D:4      | Noticed an orc priest
   228 | D:4      | Noticed an orc warrior
   526 | D:3      | Gained mutation: Your demonic aura sometimes causes spilled
                  | blood to erupt in flames. [demonic ancestry]
   526 | D:3      | Reached XP level 2. HP: 23/24 MP: 2/2
   996 | D:1      | Gained mutation: When seriously injured, your blood forms
                  | armour. (AC +9) [demonic ancestry]
   996 | D:1      | Reached XP level 3. HP: 29/29 MP: 3/3
  1164 | D:1      | Reached skill level 1 in Armour
  1544 | D:1      | Found Iffuir's Book Emporium.
  2091 | D:2      | Reached skill level 1 in Evocations
  2689 | D:3      | Gained mutation: When seriously injured, your blood forms
                  | thick armour. (AC +9) [demonic ancestry]
  2689 | D:3      | Reached XP level 4. HP: 33/35 MP: 4/4
  2834 | D:3      | Found an iron altar of Okawaru.
  3204 | D:4      | Killed an orc warrior
  3205 | D:4      | Reached skill level 1 in Throwing
  3205 | D:4      | Gained mutation: You have a pair of small antennae on your
                  | head. [demonic ancestry]
  3205 | D:4      | Reached XP level 5. HP: 30/41 MP: 5/5
  3321 | D:4      | Reached skill level 5 in Stealth
  3539 | D:4      | You fall into a shaft and drop 1 floor!
  3809 | D:5      | Noticed a water moccasin
  3818 | D:5      | Killed a water moccasin
  3819 | D:5      | Reached XP level 6. HP: 30/48 MP: 6/6
  3834 | D:5      | Reached skill level 1 in Axes
  3994 | D:5      | Noticed oldriver's ghost (weakling PaDe)
  4688 | D:4      | Reached XP level 7. HP: 22/54 MP: 7/7
  5169 | D:4      | Found a shimmering blue altar of Sif Muna.
  5230 | D:4      | Bought a +2 whip of electrocution for 254 gold pieces
  5554 | D:5      | Reached skill level 1 in Maces & Flails
  5686 | D:5      | Found a runed translucent door.
  5822 | D:5      | Killed oldriver's ghost
  5877 | D:6      | Reached XP level 8. HP: 44/61 MP: 8/8
  6753 | D:5      | Reached skill level 6 in Stealth
  6821 | D:6      | Reached skill level 5 in Fighting
  6982 | D:6      | Found a staircase to the Ecumenical Temple.
  6991 | Temple   | Entered the Ecumenical Temple
  7041 | D:6      | Identified the +2 helmet of the Nice Slorg {Int+2 Dex+4}
  7599 | D:6      | Splashed by a jelly's acid

Illustrated notes

Levels and vault maps discovered:
D:1:      nzn_arrival_settlement, layout_loops_ring, serial_shops,
          nicolae_square_shop
D:2:      layout_basic, hex_tiny
D:3:      minmay_inner_zag, layout_rooms, lemuel_coloured_pillars_altar
D:4:      layout_loops_ring, mainiacjoe_overflow_alcove_1, serial_shops, shop
D:5:      layout_basic, lemuel_doored_altar, trog_ov_bears_minmay,
          hellmonk_ghost_happy_afterlife
D:6:      minmay_razor_zed, layout_cave_pools,
          minmay_temple_entry_statues_fountains, serial_column_ruins,
          column_ruins_square_huge, column_ruins_corridor_straight,
          column_ruins_open_medium, column_ruins_open_large,
          column_ruins_columns_dead_end, column_ruins_grid_3
Temple:   hc_temple_tempest_star

Skill      XL: |  1  2  3  4  5  6  7  8 |
---------------+-------------------------+-----
Polearms       | 2 |  2.5
Dodging        | 2 3 4 |  4.3
Armour         | 1 2 3 |  3.7
Evocations     | 1 2 3 4 |  4.3
Throwing       | 1 2 3 |  3.6
Stealth        | 5 6 |  6.2
Axes           | 1 |  1.5
Fighting       | 4 5 |  5.2
Maces & Flails | 1 2 |  2.6

Action                   |  1- 3 |  4- 6 |  7- 9 || total
-------------------------+-------+-------+-------++-------
Melee: Spear             |   142 |    21 |       ||   163
       Punch             |     2 |       |     3 ||     5
       Scythe            |       |    24 |       ||    24
       Halberd           |       |    79 |     7 ||    86
       Whip              |       |       |   196 ||   196
Throw: Boomerang         |     3 |    10 |    26 ||    39
       Dart              |       |     3 |     2 ||     5
Evoke: Wand              |     1 |       |       ||     1
  Use: Scroll            |     2 |       |       ||     2
       Potion            |     1 |     1 |     2 ||     4
 Stab: Sleeping          |     9 |     6 |     1 ||    16
       Invisible         |       |       |     2 ||     2
       Distracted        |       |       |     1 ||     1
Armor: Leather armour    |     3 |       |       ||     3
       Ring mail         |    25 |    71 |    95 ||   191
       Skin              |       |       |    28 ||    28
Dodge: Dodged            |    60 |   107 |   106 ||   273

Table legend: (Time is in decaauts)
 A = Elapsed time spent in this place.
 B = Non-inter-level travel time spent in this place.
 C = Inter-level travel time spent in this place.
 D = Time resting spent in this place.
 E = Time spent auto-exploring this place.
 F = Levels seen in this place.
 G = Mean time per level.
                   A        B        C        D        E       F      G
               +--------+--------+--------+--------+--------+-----+--------+
         Total |   7647 |   7362 |    285 |    740 |   5190 |   7 | 1092.4 |
       Dungeon |   7626 |   7352 |    274 |    740 |   5190 |   6 | 1271.0 |
        Temple |     20 |     10 |     10 |      0 |      0 |   1 |   20.0 |
               +--------+--------+--------+--------+--------+-----+--------+

Top non-repeatable levels by time:
     D:5: 2094 daAuts
     D:4: 1769 daAuts
     D:6: 1128 daAuts
     D:2: 1059 daAuts
     D:1: 858 daAuts
     D:3: 716 daAuts
  Temple: 20 daAuts
